 Dungeon Crawl Stone Soup version 0.28-b1-1-g3c77fb2ed1 (webtiles) character file.

Game seed: 60680373712177294

1388 McKennaii the Conjurer (level 8, -6/57 HPs)
             Began as a Demigod Conjurer on Jan 28, 2022.
             Mangled by a boulder beetle (27 damage)
             ... on level 7 of the Dungeon.
             The game lasted 00:06:51 (6496 turns).

McKennaii the Conjurer (Demigod Conjurer)           Turns: 6496, Time: 00:06:52

Health: -6/57      AC:  4    Str:  8    XL:     8   Next: 17%
Magic:  10/18      EV: 11    Int: 34    God:
Gold:   212        SH:  0    Dex: 12    Spells: 9/16 levels left

rFire   . . .      SeeInvis .   l - staff of conjuration
rCold   . . .      Faith    .   (no shield)
rNeg    . . .      Spirit   .   o - +1 leather armour "Bisuom" {Slay+3}
rPois   .          Reflect  .   (no helmet)
rElec   .          Harm     .   (no cloak)
rCorr   .          Rampage  .   (no gloves)
Will    .....                   (no boots)
Stlth   ++........              (no amulet)
HPRegen 0.19/turn               d - ring of wizardry
MPRegen 0.16/turn               r - +6 ring of intelligence

@: no status effects
A: high mp 1, forlorn, divine attributes
a: no special abilities


You were on level 7 of the Dungeon.
You visited 1 branch of the dungeon, and saw 7 of its levels.

You collected 212 gold pieces.

Inventory:

Armour
 o - the +1 leather armour "Bisuom" (worn) {Slay+3}
   (You found it on level 4 of the Dungeon)

   Slay:      It affects your accuracy & damage with ranged weapons and melee
   (+3).
Magical Staves
 l - a staff of conjuration (weapon)
 q - a staff of air
Jewellery
 d - a ring of wizardry (left hand)
 k - a ring of poison resistance
 p - a ring of willpower
 r - a +6 ring of intelligence (right hand)
Wands
 u - a wand of flame (23)
Scrolls
 a - a scroll of vulnerability {unknown}
 b - 6 scrolls of identify {unknown}
 c - 3 scrolls of teleportation {unknown}
 h - a scroll of enchant weapon {unknown}
 j - 2 scrolls of holy word {unknown}
 m - a scroll of magic mapping {unknown}
 s - a scroll of noise {unknown}
Potions
 e - 3 potions of heal wounds
 f - a potion of magic {unknown}
 g - 4 potions of haste {unknown}
 i - 2 potions of flight {unknown}
 n - 2 potions of berserk rage {unknown}
 t - a potion of curing {unknown}


   Skills:
 - Level 4.0 Armour
 - Level 1.7 Dodging
 - Level 1.7 Stealth
 + Level 4.7 Spellcasting
 * Level 7.9 Conjurations


You had 9 spell levels left.
You knew the following spells:

 Your Spells              Type           Power      Damage    Failure   Level
a - Magic Dart            Conj           100%       1d8       1%          1
b - Searing Ray           Conj           100%       2d8       1%          2
c - Iskenderun's Mystic   Conj/Tloc      51%        2d11      5%          4

Your spell library contained the following spells:

 Spells                   Type           Power      Damage    Failure   Level
 Dazzling Flash           Conj/Hex       100%       N/A       1%          3
 Sublimation of Blood     Necr           8%         N/A       4%          2
 Fulminant Prism          Conj/Hex       25%        3d14      5%          4
 Call Canine Familiar     Summ           8%         N/A       8%          3
 Ozocubu's Armour         Ice            8%         N/A       8%          3
 Portal Projectile        Hex/Tloc       16%        N/A       8%          3
 Irradiate                Conj/Tmut      25%        3d21      14%         5
 Leda's Liquefaction      Hex/Erth       4%         N/A       26%         4
 Petrify                  Tmut/Erth      8%         N/A       26%         4
 Ozocubu's Refrigeration  Ice            4%         4d5       100%        7


Dungeon Overview and Level Annotations

Branches:
Dungeon (7/15)             Temple (0/1) D:7


Innate Abilities, Weirdness & Mutations

You have an increased reservoir of magic. (+10% MP)
You shall have no god before yourself.
Your divine heritage dramatically boosts your attributes as you level up.


Message History

Done exploring.
Done exploring.
Done exploring.
Okay, then.
Done exploring.
Done exploring.
Done exploring.
(D) Dungeon
Where to? (Enter - D:6, ? - help)
What level of the Dungeon? (default 1, ? - help)
Things that are here:
a +1 vorpal falchion; a +0 robe
Things that are here:
a +2 morningstar of freezing; a +0 robe
There is a stone staircase leading down here.
You climb downwards.
There is a stone staircase leading up here.
Found a stone staircase leading up.
There is a stone staircase leading up here.
Found a throwing net.
Found a staircase to the Ecumenical Temple.
A boulder beetle comes into view.
Found 12 gold pieces.
The boulder beetle curls into a ball and begins rolling!
You feel a surge of power!
The magic dart hits the boulder beetle but does no damage.
You can't see any susceptible monsters within range! (Use Z to cast anyway.)
Casting: Magic Dart (safe; 1% risk of failure)
Confirm with . or Enter, or press ? or * to list all spells.
You feel a surge of power!
You erupt in a blast of force!
The mystic blast hits the boulder beetle but does no damage.
The boulder beetle hits you!!!
Ouch! That really hurt!
The boulder beetle stops rolling and uncurls.
Casting: Iskenderun's Mystic Blast (dangerous; 5% risk of failure)
Confirm with . or Enter, or press ? or * to list all spells.
You feel a surge of power!
You erupt in a blast of force!
The mystic blast hits the boulder beetle but does no damage.
The boulder beetle bites you!!
You die...

#.##...##..#
#.(........#
#...#
#####...#
........#
####.##.# #.
#°# # #B#
#@# #.# #.#
#.# #.# #.#
#...#
#.####...#
#.#.##...#
#.#.##...


You could see a boulder beetle.

Vanquished Creatures
  Sigmund (D:6)
  A steam dragon (D:6)
  A water moccasin (D:6)
  A black bear (D:6)
  A necrophage (D:5)
  A centaur (D:4)
  A scorpion (D:6)
  A water moccasin skeleton (D:4)
  4 wights (D:6)
  2 hounds (D:6)
  A bullfrog zombie (D:5)
  2 jellies
  2 bullfrog skeletons (D:6)
  An orc priest (D:5)
  3 iguanas
  3 howler monkey skeletons
  6 adders
  A shadow imp (D:4)
  2 ufetubi (D:4)
  An adder skeleton (D:4)
  2 dart slugs (D:1)
  5 orcs
  5 bats
  5 endoplasms
  2 giant cockroaches (D:3)
  7 hobgoblins
  3 jackals (D:1)
  2 quokkas
  2 ball pythons (D:3)
  6 frilled lizards
  6 goblins
  5 kobolds
  6 rats
92 creatures vanquished.

Notes
Turn   | Place    | Note
-------+----------+-------------------------------------------
     0 | D:1      | McKennaii the Demigod Conjurer began the quest for the Orb.
     0 | D:1      | Reached XP level 1. HP: 14/14 MP: 5/5
   601 | D:1      | Reached skill level 4 in Conjurations
   601 | D:1      | Reached XP level 2. HP: 20/20 MP: 4/7
   604 | D:1      | Learned a level 2 spell: Searing Ray
  2082 | D:3      | Reached XP level 3. HP: 26/26 MP: 3/9
  3013 | D:3      | Reached XP level 4. HP: 29/33 MP: 4/10
  3309 | D:4      | Learned a level 4 spell: Iskenderun's Mystic Blast
  3309 | D:4      | Identified the +1 leather armour "Bisuom" {Slay+3}
  3552 | D:4      | Reached skill level 5 in Conjurations
  3621 | D:4      | Reached skill level 1 in Armour
  3621 | D:4      | Reached XP level 5. HP: 38/38 MP: 6/12
  3677 | D:4      | Noticed a centaur
  3689 | D:4      | Killed a centaur
  4192 | D:4      | Reached XP level 6. HP: 45/45 MP: 10/13
  4384 | D:5      | Entered Level 5 of the Dungeon
  4962 | D:5      | Reached skill level 6 in Conjurations
  5532 | D:6      | Reached XP level 7. HP: 46/50 MP: 8/15
  5751 | D:6      | Noticed Sigmund
  5762 | D:6      | Killed Sigmund
  5821 | D:6      | Reached skill level 7 in Conjurations
  6057 | D:6      | Reached XP level 8. HP: 57/57 MP: 3/18
  6485 | D:7      | Found a staircase to the Ecumenical Temple.
  6487 | D:7      | Noticed a boulder beetle
  6496 | D:7      | Mangled by a boulder beetle

Illustrated notes

Levels and vault maps discovered:
D:1:      minmay_arrival_shattered_statue, layout_loops_corners,
          hellmonk_ecumenical_altar_blasted, minmay_misc_feat_secret_circle
D:2:      layout_loops_corners, corexii_item_surrounded_by_moat
D:3:      layout_basic, st_stairs_9
D:4:      layout_rooms
D:5:      layout_basic, serial_curves, eino_curves_04, eino_curves_01,
          lemuel_old_faithful
D:6:      layout_basic, uniq_sigmund
D:7:      layout_basic, minmay_temple_entry_stoned_glass, lemuel_flamethrower_1

Skill      XL: |  1  2  3  4  5  6  7  8 |
---------------+-------------------------+-----
Spellcasting   | 2 3 4 |  4.7
Conjurations   | 4 5 6 7 |  7.9
Armour         | 1 2 3 4 |  4.0
Dodging        | |  1.7
Stealth        | |  1.7

Action                   |  1- 3 |  4- 6 |  7- 9 || total
-------------------------+-------+-------+-------++-------
Melee: Unarmed           |     1 |       |       ||     1
 Cast: Magic Dart        |    86 |    98 |    28 ||   212
       Searing Ray       |       |     6 |    13 ||    19
       Iskenderun's Myst |       |       |     3 ||     3
  Use: Potion            |       |     1 |       ||     1
Armor: Robe              |     6 |       |       ||     6
       Leather armour    |       |     5 |     2 ||     7
Dodge: Dodged            |    12 |    12 |    13 ||    37
